AoeStats
← Eugenius

Black Forest

510195049Analyzed
4v4 RM · 2d ago on Sep 29, 2026· 27m 33s· 8 players
Game mode
Random Map
Map size
Large (8 player)
Population
200
Speed
Normal
Resources
Standard
Victory
Conquest
Starting age
Dark Age
Ending age
Imperial Age
RankedLock teamsTeams togetherTeam positionsShared explorationLock speedFull tech treeHidden civsTurbo modeCheats
Victory
Defeat
🇺🇸 Italians · United States
1720
+18
🇵🇪 Gurjaras · Peru
1710
+18
🇲🇽 Maya · Mexico
1620
+22
🇲🇽 Khmer · Mexico
1589
+23
🇺🇸 Japanese · United States
1850
-25
🇺🇸 Wu · United States
1826
-23
🇮🇳 Danes · India
1818
-23
🇺🇸 Vietnamese · United States
1508
-10
quesarito
0:26 Loom
9:56 Feudal Age
10:25 Double-Bit Axe
14:21 Fletching
17:04 Padded Archer Armor
18:40 Horse Collar
24:44 Castle Age
25:41 Thumb Ring
24:57 Crossbowman
25:33 Bodkin Arrow
26:58 Bow Saw
27:57 Ballistics
28:15 Wheelbarrow
EL MAYA
0:29 Loom
12:09 Feudal Age
17:32 Castle Age
15:27 Double-Bit Axe
15:50 Horse Collar
19:00 Bow Saw
19:19 Heavy Plow
23:06 Wheelbarrow
24:36 Hand Cart
VX | Anubis
9:16 Feudal Age
9:52 Double-Bit Axe
9:49 Horse Collar
12:59 Forging
16:12 Bloodlines
18:02 Loom
25:57 Wheelbarrow
Eugenius
11:17 Feudal Age
14:46 Castle Age
14:17 Loom
Laming Yamal
10:52 Feudal Age
11:28 Double-Bit Axe
11:40 Horse Collar
14:26 Castle Age
15:21 Bow Saw
15:12 Heavy Plow
20:02 Loom
21:50 Wheelbarrow
23:16 Scale Mail Armor
24:13 Hand Cart
24:14 Chain Mail Armor
25:16 Forging
25:07 Squires
Fenrir
0:30 Loom
9:20 Feudal Age
10:04 Double-Bit Axe
10:01 Horse Collar
11:27 Town Watch
18:20 Castle Age
19:38 Wheelbarrow
19:15 Bow Saw
19:07 Heavy Plow
19:50 Gold Mining
19:50 Stone Mining
27:39 Imperial Age
25:43 Fletching
26:36 Bodkin Arrow
28:06 Ballistics
_kill3rJ
11:17 Feudal Age
12:37 Double-Bit Axe
15:17 Castle Age
13:15 Horse Collar
16:13 Bow Saw
16:22 Heavy Plow
17:50 Wheelbarrow
18:59 Loom
22:25 Arson
E@GLE
0:40 Loom
10:04 Feudal Age
10:13 Man-at-Arms
12:01 Arson
13:43 Fletching
15:18 Horse Collar
Connection lost

Rejoining the realm…

Still unreachable

The connection could not be restored.

Session expired

The server has moved on; the page needs a fresh start.